Workbook
Name ano: [1]Hoja2!$D$15:$D$17
Name avaluo: [2]Hoja2!$T$2:$T$6
Name BOLIVAR: '[3]datos 2'!$H$2:$H$6+'[3]datos 2'!$I$2:$I$5+'[3]datos 2'!$H$2:$H$6
Name Cuadro: [2]Hoja2!$V$2:$V$8
Name decision: [2]Hoja2!$J$2:$J$5
Name Departamentos: [4]Listas!$C$2:$C$34
Name embargo: [2]Hoja2!$P$2:$P$5
Name excep: [2]Hoja2!$I$2:$I$3
Name fallo: [2]Hoja2!$Q$2:$Q$3
Name fp: [1]Hoja2!$E$2:$E$5
Name Mc: [2]Hoja2!$N$2:$N$9
Name mp: [1]Hoja2!$H$2:$H$4
Name nat: [5]Hoja2!$C$2:$C$3
Name not: [1]Hoja2!$F$2:$F$8
Name REG: #REF!
Name REG: #REF!
Name Region: [6]Listas!$B$2:$B$4
Name Regional: [5]Hoja2!$A$2:$A$35
Name REGIONALES: '[3]datos 2'!$C$2:$C$35
Name reman: [2]Hoja2!$O$2:$O$3
Name remate: [2]Hoja2!$U$2:$U$10
Name riesgo: [2]Hoja2!$K$2:$K$4
Name secuestro: [2]Hoja2!$S$2:$S$4
Name suspen: [2]Hoja2!$W$2:$W$5
Name termin: [2]Hoja2!$R$2:$R$13
Name tipoacto: [5]Hoja2!$V$2:$V$8
Name TPobligacion: [5]Hoja2!$B$2:$B$21
Name ug: [2]Hoja2!$L$2:$L$29
Name Varios: [2]Hoja2!$C$2:$C$3
Name xxxx: [2]Hoja2!$H$2:$H$4

Sheet RESUMEN
C5: Lotes | D5: PEDIDOS | E5: VALOR
C6: 1 | D6: ARTESANIA | E6: =ARTESANIA!J47 -> 8488000
C7: 2 | D7: ALIMENTOS | E7: =ALIMENTOS!J58 -> 36468000
C8: 3 | D8: BELLEZA | E8: =BELLEZA!J90 -> 34873000
C9: 4 | D9: CAPILAR | E9: =CAPILAR!J59 -> 5815000
C10: 5 | D10: EMPAQUES | E10: =EMPAQUES!J19 -> 6205000
C11: 6 | D11: HELADERIA | E11: =HELADERIA!J26 -> 4212000
C12: 7 | D12: PANADERIA | E12: =PANADERIA!J41 -> 13628000
C13: 8 | D13: UTENSILIOS DE COCINA | E13: ='UTENSILIOS DE COCINA'!J107 -> 21128300
C14: TOTAL | E14: =SUM(E6:E13) -> 130817300

Sheet ARTESANIA
A4: SERVICIO NACIONAL DE APRENDIZAJE - REGIONAL CHOCÓ
A5: Centro Agroambiental del Chocó - CAC
A6: ESTUDIO DE MERCADO
A7: SOLICITUD DE INFORMACION CHC-146-2026
A8: OBJETO | C8: Contratar la compra de materiales para el apalancamientos productivos de 8 proyectos asociativos y 40 individuales del Centro Agroambiental del Chocó
A9: ITEM | B9: BIEN | C9: DESCRIPCION DEL BIEN | D9: UNIDA DE MEDIDA | E9: CANT | F9: VALOR UNITARIO 01 - SUMINISTROS | G9: VALOR UNITARIO 02 - HARMONIC | H9: VALOR UNITARIO 03 - DONALDO EVENTOS | I9: PROMEDIO | J9: SUBTOTAL (Incluye, impuestos, costos, gastos, transporte, etc) | K9: Precio Unitario Sugerido por la Entidad (Incluye, impuestos, costos, gastos, transporte, etc) | M9: VALOR UNITARIO 01 - SUMINISTROS | N9: VALOR UNITARIO 02 - HARMONIC | O9: VALOR UNITARIO 03 - DONALDO EVENTOS
A10: 1 | B10: CHAQUIRAS | C10: CHAQUIRAS CHECAS COLOR ANARANJADA X LIBRA | D10: LIBRA | E10: 4 | F10: 70000 | G10: =(F10*10%)+F10 -> 77000 | H10: =F10-(F10*10%) -> 63000 | I10: =(F10+G10+H10)/3 -> 70000 | J10: =E10*I10 -> 280000 | K10: 70000 | M10: =E10*F10 -> 280000 | N10: =E10*G10 -> 308000 | O10: =E10*H10 -> 252000
A11: 2 | B11: CHAQUIRAS | C11: CHAQUIRAS CHECAS COLOR NEGROS X LIBRA | D11: LIBRA | E11: 4 | F11: 70000 | G11: =(F11*10%)+F11 -> 77000 | H11: =F11-(F11*10%) -> 63000 | I11: =(F11+G11+H11)/3 -> 70000 | J11: =E11*I11 -> 280000 | K11: 70000 | M11: =E11*F11 -> 280000 | N11: =E11*G11 -> 308000 | O11: =E11*H11 -> 252000
A12: 3 | B12: CHAQUIRAS | C12: CHAQUIRAS CHECAS COLOR AMARILLO X LIBRA | D12: LIRRA | E12: 4 | F12: 70000 | G12: =(F12*10%)+F12 -> 77000 | H12: =F12-(F12*10%) -> 63000 | I12: =(F12+G12+H12)/3 -> 70000 | J12: =E12*I12 -> 280000 | K12: 70000 | M12: =E12*F12 -> 280000 | N12: =E12*G12 -> 308000 | O12: =E12*H12 -> 252000
A13: 4 | B13: CHAQUIRAS | C13: CHAQUIRAS CHECAS COLOR AZUL X LIBRA | D13: LIBRA | E13: 4 | F13: 70000 | G13: =(F13*10%)+F13 -> 77000 | H13: =F13-(F13*10%) -> 63000 | I13: =(F13+G13+H13)/3 -> 70000 | J13: =E13*I13 -> 280000 | K13: 70000 | M13: =E13*F13 -> 280000 | N13: =E13*G13 -> 308000 | O13: =E13*H13 -> 252000
A14: 5 | B14: CHAQUIRAS | C14: CHAQUIRAS CHECAS COLOR ROJAS X LIBRA | D14: LIBRA | E14: 4 | F14: 70000 | G14: =(F14*10%)+F14 -> 77000 | H14: =F14-(F14*10%) -> 63000 | I14: =(F14+G14+H14)/3 -> 70000 | J14: =E14*I14 -> 280000 | K14: 70000 | M14: =E14*F14 -> 280000 | N14: =E14*G14 -> 308000 | O14: =E14*H14 -> 252000
A15: 6 | B15: CHAQUIRAS | C15: CHAQUIRAS CHECAS COLOR BLANCO X LIBRA | D15: LIBRA | E15: 4 | F15: 70000 | G15: =(F15*10%)+F15 -> 77000 | H15: =F15-(F15*10%) -> 63000 | I15: =(F15+G15+H15)/3 -> 70000 | J15: =E15*I15 -> 280000 | K15: 70000 | M15: =E15*F15 -> 280000 | N15: =E15*G15 -> 308000 | O15: =E15*H15 -> 252000
A16: 7 | B16: CHAQUIRAS | C16: CAQUIRA CHECA COLOR VERDE VICHE X LIBRA | D16: LIBRA | E16: 4 | F16: 70000 | G16: =(F16*10%)+F16 -> 77000 | H16: =F16-(F16*10%) -> 63000 | I16: =(F16+G16+H16)/3 -> 70000 | J16: =E16*I16 -> 280000 | K16: 70000 | M16: =E16*F16 -> 280000 | N16: =E16*G16 -> 308000 | O16: =E16*H16 -> 252000
A17: 8 | B17: PEGAMENTO | C17: PEGAMENTO BLANCO PARA CALZADO DE 60 ML | D17: UNIDAD | E17: 4 | F17: 25000 | G17: =(F17*10%)+F17 -> 27500 | H17: =F17-(F17*10%) -> 22500 | I17: =(F17+G17+H17)/3 -> 25000 | J17: =E17*I17 -> 100000 | K17: 25000 | M17: =E17*F17 -> 100000 | N17: =E17*G17 -> 110000 | O17: =E17*H17 -> 90000
A18: 9 | B18: AGUJA | C18: AGUJAS PARA CHAQUIRAS CHECAS LARGAS #15 X 12 UNIDADES | D18: PAQUETE | E18: 6 | F18: 30000 | G18: =(F18*10%)+F18 -> 33000 | H18: =F18-(F18*10%) -> 27000 | I18: =(F18+G18+H18)/3 -> 30000 | J18: =E18*I18 -> 180000 | K18: 30000 | M18: =E18*F18 -> 180000 | N18: =E18*G18 -> 198000 | O18: =E18*H18 -> 162000
A19: 10 | B19: AGUJA | C19: AGUJAS PARA CHAQUIRAS CHECAS CORTAS#11 X 12 UNIDADES | D19: PAQUETE | E19: 6 | F19: 30000 | G19: =(F19*10%)+F19 -> 33000 | H19: =F19-(F19*10%) -> 27000 | I19: =(F19+G19+H19)/3 -> 30000 | J19: =E19*I19 -> 180000 | K19: 30000 | M19: =E19*F19 -> 180000 | N19: =E19*G19 -> 198000 | O19: =E19*H19 -> 162000
A20: 11 | B20: HILO | C20: HILO CORDON MACRAME UK, 100%algodon,3ml, 240mts, peso 1kg | D20: CONO | E20: 6 | F20: 30000 | G20: =(F20*10%)+F20 -> 33000 | H20: =F20-(F20*10%) -> 27000 | I20: =(F20+G20+H20)/3 -> 30000 | J20: =E20*I20 -> 180000 | K20: 30000 | M20: =E20*F20 -> 180000 | N20: =E20*G20 -> 198000 | O20: =E20*H20 -> 162000
A21: 12 | B21: BISTURI | C21: BISTURI GRANDE, Cuerpo plástico con guía métalica, | D21: UNIDAD | E21: 10 | F21: 18000 | G21: =(F21*10%)+F21 -> 19800 | H21: =F21-(F21*10%) -> 16200 | I21: =(F21+G21+H21)/3 -> 18000 | J21: =E21*I21 -> 180000 | K21: 18000 | M21: =E21*F21 -> 180000 | N21: =E21*G21 -> 198000 | O21: =E21*H21 -> 162000
... A46: 37 | B46: HILO | C46: HILO CORDON MACRAME X CONO 100 MTS | D46: UNIDAD | E46: 6 | F46: 30000 | G46: =(F46*10%)+F46 -> 33000 | H46: =F46-(F46*10%) -> 27000 | I46: =(F46+G46+H46)/3 -> 30000 | J46: =E46*I46 -> 180000 | K46: 30000 | M46: =E46*F46 -> 180000 | N46: =E46*G46 -> 198000 | O46: =E46*H46 -> 162000
A47: TOTAL | J47: =SUM(J10:J46) -> 8488000 | M47: =SUM(M10:M46) -> 8488000 | N47: =SUM(N10:N46) -> 9336800 | O47: =SUM(O10:O46) -> 7639200

Sheet ALIMENTOS
A4: SERVICIO NACIONAL DE APRENDIZAJE - REGIONAL CHOCÓ
A5: Centro Agroambiental del Chocó - CAC
A6: ESTUDIO DE MERCADO
A7: SOLICITUD DE INFORMACION CHC-146-2026
A8: OBJETO | C8: Contratar la compra de materiales para el apalancamientos productivos de 8 proyectos asociativos y 40 individuales del Centro Agroambiental del Chocó
A9: ITEM | B9: BIEN | C9: DESCRIPCION DEL BIEN | D9: UNIDA DE MEDIDA | E9: CANT | F9: VALOR UNITARIO 01 - SUMINISTROS | G9: VALOR UNITARIO 02 - HARMONIC | H9: VALOR UNITARIO 03 - DONALDO EVENTOS | I9: PROMEDIO | J9: SUBTOTAL (Incluye, impuestos, costos, gastos, transporte, etc) | K9: Precio Unitario Sugerido por la Entidad (Incluye, impuestos, costos, gastos, transporte, etc) | M9: VALOR UNITARIO 01 - SUMINISTROS | N9: VALOR UNITARIO 02 - HARMONIC | O9: VALOR UNITARIO 03 - DONALDO EVENTOS
A10: 1 | B10: CARNE | C10: CARNE DE RES X LIBRA | D10: Libra | E10: 64 | F10: 17000 | G10: =(F10*10%)+F10 -> 18700 | H10: =F10-(F10*10%) -> 15300 | I10: =(F10+G10+H10)/3 -> 17000 | J10: =E10*I10 -> 1088000 | K10: 17000 | M10: =E10*F10 -> 1088000 | N10: =E10*G10 -> 1196800 | O10: =E10*H10 -> 979200
A11: 2 | B11: CARNE | C11: CARNE DE CERDO X LIBRA | D11: Libra | E11: 76 | F11: 15000 | G11: =(F11*10%)+F11 -> 16500 | H11: =F11-(F11*10%) -> 13500 | I11: =(F11+G11+H11)/3 -> 15000 | J11: =E11*I11 -> 1140000 | K11: 15000 | M11: =E11*F11 -> 1140000 | N11: =E11*G11 -> 1254000 | O11: =E11*H11 -> 1026000
A12: 3 | B12: CARNE | C12: CHICHARRON CARNUDO X LIBRA | D12: Libra | E12: 56 | F12: 15000 | G12: =(F12*10%)+F12 -> 16500 | H12: =F12-(F12*10%) -> 13500 | I12: =(F12+G12+H12)/3 -> 15000 | J12: =E12*I12 -> 840000 | K12: 15000 | M12: =E12*F12 -> 840000 | N12: =E12*G12 -> 924000 | O12: =E12*H12 -> 756000
A13: 4 | B13: CEBOLLA | C13: CEBOLLA ROJA X LIBRA | D13: Libra | E13: 40 | F13: 5000 | G13: =(F13*10%)+F13 -> 5500 | H13: =F13-(F13*10%) -> 4500 | I13: =(F13+G13+H13)/3 -> 5000 | J13: =E13*I13 -> 200000 | K13: 5000 | M13: =E13*F13 -> 200000 | N13: =E13*G13 -> 220000 | O13: =E13*H13 -> 180000
A14: 5 | B14: CEBOLLA | C14: CEBOLLA RAMA X LIBRA | D14: Libra | E14: 35 | F14: 5000 | G14: =(F14*10%)+F14 -> 5500 | H14: =F14-(F14*10%) -> 4500 | I14: =(F14+G14+H14)/3 -> 5000 | J14: =E14*I14 -> 175000 | K14: 5000 | M14: =E14*F14 -> 175000 | N14: =E14*G14 -> 192500 | O14: =E14*H14 -> 157500
A15: 6 | B15: AJO | C15: AJO X KILO | D15: Kilo | E15: 29 | F15: 18000 | G15: =(F15*10%)+F15 -> 19800 | H15: =F15-(F15*10%) -> 16200 | I15: =(F15+G15+H15)/3 -> 18000 | J15: =E15*I15 -> 522000 | K15: 18000 | M15: =E15*F15 -> 522000 | N15: =E15*G15 -> 574200 | O15: =E15*H15 -> 469800
A16: 7 | B16: ACEITE | C16: ACEITES GRANDES X 5000CC | D16: Unidad | E16: 19 | F16: 40000 | G16: =(F16*10%)+F16 -> 44000 | H16: =F16-(F16*10%) -> 36000 | I16: =(F16+G16+H16)/3 -> 40000 | J16: =E16*I16 -> 760000 | K16: 40000 | M16: =E16*F16 -> 760000 | N16: =E16*G16 -> 836000 | O16: =E16*H16 -> 684000
A17: 8 | B17: MADEJA | C17: MADEJA DE TRIPA DE 10 MTS | D17: Unidad | E17: 21 | F17: 35000 | G17: =(F17*10%)+F17 -> 38500 | H17: =F17-(F17*10%) -> 31500 | I17: =(F17+G17+H17)/3 -> 35000 | J17: =E17*I17 -> 735000 | K17: 35000 | M17: =E17*F17 -> 735000 | N17: =E17*G17 -> 808500 | O17: =E17*H17 -> 661500
A18: 9 | B18: ATUN | C18: FILETE ATUN X LIBRA | D18: Libra | E18: 56 | F18: 35000 | G18: =(F18*10%)+F18 -> 38500 | H18: =F18-(F18*10%) -> 31500 | I18: =(F18+G18+H18)/3 -> 35000 | J18: =E18*I18 -> 1960000 | K18: 35000 | M18: =E18*F18 -> 1960000 | N18: =E18*G18 -> 2156000 | O18: =E18*H18 -> 1764000
A19: 10 | B19: CEBOLLIN | C19: CEBOLLIN X LIBRA | D19: Libra | E19: 14 | F19: 6000 | G19: =(F19*10%)+F19 -> 6600 | H19: =F19-(F19*10%) -> 5400 | I19: =(F19+G19+H19)/3 -> 6000 | J19: =E19*I19 -> 84000 | K19: 6000 | M19: =E19*F19 -> 84000 | N19: =E19*G19 -> 92400 | O19: =E19*H19 -> 75600
A20: 11 | B20: PIMENTON | C20: PIMENTON X LIBRA | D20: Libra | E20: 20 | F20: 6000 | G20: =(F20*10%)+F20 -> 6600 | H20: =F20-(F20*10%) -> 5400 | I20: =(F20+G20+H20)/3 -> 6000 | J20: =E20*I20 -> 120000 | K20: 6000 | M20: =E20*F20 -> 120000 | N20: =E20*G20 -> 132000 | O20: =E20*H20 -> 108000
A21: 12 | B21: CILANTRO | C21: CILANTRO X MANOJO | D21: Libra | E21: 21 | F21: 7000 | G21: =(F21*10%)+F21 -> 7700 | H21: =F21-(F21*10%) -> 6300 | I21: =(F21+G21+H21)/3 -> 7000 | J21: =E21*I21 -> 147000 | K21: 7000 | M21: =E21*F21 -> 147000 | N21: =E21*G21 -> 161700 | O21: =E21*H21 -> 132300
... A57: 48 | B57: SAL | C57: SAL X PACA | D57: Paca | E57: 2 | F57: 50000 | G57: =(F57*10%)+F57 -> 55000 | H57: =F57-(F57*10%) -> 45000 | I57: =(F57+G57+H57)/3 -> 50000 | J57: =E57*I57 -> 100000 | K57: 50000 | M57: =E57*F57 -> 100000 | N57: =E57*G57 -> 110000 | O57: =E57*H57 -> 90000
A58: TOTAL | J58: =SUM(J10:J57) -> 36468000 | M58: =SUM(M10:M57) -> 36468000 | N58: =SUM(N10:N57) -> 40114800 | O58: =SUM(O10:O57) -> 32821200

Sheet BELLEZA
A4: SERVICIO NACIONAL DE APRENDIZAJE - REGIONAL CHOCÓ
A5: Centro Agroambiental del Chocó - CAC
A6: ESTUDIO DE MERCADO
A7: SOLICITUD DE INFORMACION CHC-146-2026
A8: OBJETO | C8: Contratar la compra de materiales para el apalancamientos productivos de 8 proyectos asociativos y 40 individuales del Centro Agroambiental del Chocó
A9: ITEM | B9: BIEN | C9: DESCRIPCION DEL BIEN | D9: UNIDA DE MEDIDA | E9: CANT | F9: VALOR UNITARIO 01 - SUMINISTROS | G9: VALOR UNITARIO 02 - HARMONIC | H9: VALOR UNITARIO 03 - DONALDO EVENTOS | I9: PROMEDIO | J9: SUBTOTAL (Incluye, impuestos, costos, gastos, transporte, etc) | K9: Precio Unitario Sugerido por la Entidad (Incluye, impuestos, costos, gastos, transporte, etc) | M9: VALOR UNITARIO 01 - SUMINISTROS | N9: VALOR UNITARIO 02 - HARMONIC | O9: VALOR UNITARIO 03 - DONALDO EVENTOS
A10: 1 | B10: BASE | C10: BASE ENDURECEDORA rosada nutritiva de 13 ml | D10: Unidad | E10: 20 | F10: 20000 | G10: =(F10*10%)+F10 -> 22000 | H10: =F10-(F10*10%) -> 18000 | I10: =(F10+G10+H10)/3 -> 20000 | J10: =E10*I10 -> 400000 | K10: 20000 | M10: =E10*F10 -> 400000 | N10: =E10*G10 -> 440000 | O10: =E10*H10 -> 360000
A11: 2 | B11: REMOVEDOR | C11: REMOVEDOR DE ESMALTE sin acetona con vitamina E, medida 500 ml | D11: Unidad | E11: 20 | F11: 20000 | G11: =(F11*10%)+F11 -> 22000 | H11: =F11-(F11*10%) -> 18000 | I11: =(F11+G11+H11)/3 -> 20000 | J11: =E11*I11 -> 400000 | K11: 20000 | M11: =E11*F11 -> 400000 | N11: =E11*G11 -> 440000 | O11: =E11*H11 -> 360000
A12: 3 | B12: ANTISEPTICO | C12: SANITIZANTE PARA UÑAS limpiador antiseptico en spray madida 200 ml. | D12: Unidad | E12: 20 | F12: 20000 | G12: =(F12*10%)+F12 -> 22000 | H12: =F12-(F12*10%) -> 18000 | I12: =(F12+G12+H12)/3 -> 20000 | J12: =E12*I12 -> 400000 | K12: 20000 | M12: =E12*F12 -> 400000 | N12: =E12*G12 -> 440000 | O12: =E12*H12 -> 360000
A13: 4 | B13: NIVELADOR | C13: NIVELADOR DE PH PARA UÑAS medida 25ml | D13: Unidad | E13: 20 | F13: 30000 | G13: =(F13*10%)+F13 -> 33000 | H13: =F13-(F13*10%) -> 27000 | I13: =(F13+G13+H13)/3 -> 30000 | J13: =E13*I13 -> 600000 | K13: 30000 | M13: =E13*F13 -> 600000 | N13: =E13*G13 -> 660000 | O13: =E13*H13 -> 540000
A14: 5 | B14: TOALLA | C14: TOALLA DE TELA DE COLOR BLANCO de 60 cm de lasgo por 40 cm de ancho | D14: Unidad | E14: 60 | F14: 30000 | G14: =(F14*10%)+F14 -> 33000 | H14: =F14-(F14*10%) -> 27000 | I14: =(F14+G14+H14)/3 -> 30000 | J14: =E14*I14 -> 1800000 | K14: 30000 | M14: =E14*F14 -> 1800000 | N14: =E14*G14 -> 1980000 | O14: =E14*H14 -> 1620000
A15: 6 | B15: REMOVEDOR | C15: REMOVEDOR DE CUTICULA EN AGUA ablanda la cutícula, facilitando su remoción. No maltrata la uña, ni la piel, con glicerina que conserva la humectación de la piel. Usar con agua de 58 ml. | D15: Unidad | E15: 40 | F15: 20000 | G15: =(F15*10%)+F15 -> 22000 | H15: =F15-(F15*10%) -> 18000 | I15: =(F15+G15+H15)/3 -> 20000 | J15: =E15*I15 -> 800000 | K15: 20000 | M15: =E15*F15 -> 800000 | N15: =E15*G15 -> 880000 | O15: =E15*H15 -> 720000
A16: 7 | B16: CORTA UÑAS | C16: CORTA UÑAS en acero inoxidable tamaño mediano | D16: Unidad | E16: 50 | F16: 15000 | G16: =(F16*10%)+F16 -> 16500 | H16: =F16-(F16*10%) -> 13500 | I16: =(F16+G16+H16)/3 -> 15000 | J16: =E16*I16 -> 750000 | K16: 15000 | M16: =E16*F16 -> 750000 | N16: =E16*G16 -> 825000 | O16: =E16*H16 -> 675000
A17: 8 | B17: LIMA | C17: LIMA DE CARTÓN color azul para manicura tradiocional | D17: Unidad | E17: 50 | F17: 2000 | G17: =(F17*10%)+F17 -> 2200 | H17: =F17-(F17*10%) -> 1800 | I17: =(F17+G17+H17)/3 -> 2000 | J17: =E17*I17 -> 100000 | K17: 2000 | M17: =E17*F17 -> 100000 | N17: =E17*G17 -> 110000 | O17: =E17*H17 -> 90000
A18: 9 | B18: ESMALTE | C18: ESMALTES DECORATIVOS, color verde pino, blanco tiza, amarillo, dorado, plateado, envase de 13.5 dos de cada uno. | D18: Unidad | E18: 80 | F18: 24000 | G18: =(F18*10%)+F18 -> 26400 | H18: =F18-(F18*10%) -> 21600 | I18: =(F18+G18+H18)/3 -> 24000 | J18: =E18*I18 -> 1920000 | K18: 24000 | M18: =E18*F18 -> 1920000 | N18: =E18*G18 -> 2112000 | O18: =E18*H18 -> 1728000
A19: 10 | B19: GEL | C19: GEL DE CONSTRUCCIÓN PARA UÑAS color transparente, presentación de 45 gm | D19: Unidad | E19: 40 | F19: 30000 | G19: =(F19*10%)+F19 -> 33000 | H19: =F19-(F19*10%) -> 27000 | I19: =(F19+G19+H19)/3 -> 30000 | J19: =E19*I19 -> 1200000 | K19: 30000 | M19: =E19*F19 -> 1200000 | N19: =E19*G19 -> 1320000 | O19: =E19*H19 -> 1080000
A20: 11 | B20: PATECABRA | C20: PATECABRA con empujador | D20: Unidad | E20: 40 | F20: 14000 | G20: =(F20*10%)+F20 -> 15400 | H20: =F20-(F20*10%) -> 12600 | I20: =(F20+G20+H20)/3 -> 14000 | J20: =E20*I20 -> 560000 | K20: 14000 | M20: =E20*F20 -> 560000 | N20: =E20*G20 -> 616000 | O20: =E20*H20 -> 504000
A21: 12 | B21: LIMA | C21: LIMA METALICA PICO DE LORO | D21: Unidad | E21: 40 | F21: 8000 | G21: =(F21*10%)+F21 -> 8800 | H21: =F21-(F21*10%) -> 7200 | I21: =(F21+G21+H21)/3 -> 8000 | J21: =E21*I21 -> 320000 | K21: 8000 | M21: =E21*F21 -> 320000 | N21: =E21*G21 -> 352000 | O21: =E21*H21 -> 288000
... A89: 80 | B89: BROCHAS | C89: BROCHAS APLICADORA presentación de cuerpo y mango de plástico, cerdas de nylon suaves y tupida y alineadas de cabo delgado. | D89: Unidad | E89: 5 | F89: 16000 | G89: =(F89*10%)+F89 -> 17600 | H89: =F89-(F89*10%) -> 14400 | I89: =(F89+G89+H89)/3 -> 16000 | J89: =E89*I89 -> 80000 | K89: 16000 | M89: =E89*F89 -> 80000 | N89: =E89*G89 -> 88000 | O89: =E89*H89 -> 72000
A90: TOTAL | J90: =SUM(J10:J89) -> 34873000 | M90: =SUM(M10:M89) -> 34873000 | N90: =SUM(N10:N89) -> 38360300 | O90: =SUM(O10:O89) -> 31385700

Sheet CAPILAR
A4: SERVICIO NACIONAL DE APRENDIZAJE - REGIONAL CHOCÓ
A5: Centro Agroambiental del Chocó - CAC
A6: ESTUDIO DE MERCADO
A7: SOLICITUD DE INFORMACION CHC-146-2026
A8: OBJETO | C8: Contratar la compra de materiales para el apalancamientos productivos de 8 proyectos asociativos y 40 individuales del Centro Agroambiental del Chocó
A9: ITEM | B9: BIEN | C9: DESCRIPCION DEL BIEN | D9: UNIDA DE MEDIDA | E9: CANT | F9: VALOR UNITARIO 01 - SUMINISTROS | G9: VALOR UNITARIO 02 - HARMONIC | H9: VALOR UNITARIO 03 - DONALDO EVENTOS | I9: PROMEDIO | J9: SUBTOTAL (Incluye, impuestos, costos, gastos, transporte, etc) | K9: Precio Unitario Sugerido por la Entidad (Incluye, impuestos, costos, gastos, transporte, etc) | M9: VALOR UNITARIO 01 - SUMINISTROS | N9: VALOR UNITARIO 02 - HARMONIC | O9: VALOR UNITARIO 03 - DONALDO EVENTOS
A10: 1 | B10: BALANZA | C10: Balanza digital de precisión (5 kg) | D10: Unidad | E10: 2 | F10: 90000 | G10: =(F10*10%)+F10 -> 99000 | H10: =F10-(F10*10%) -> 81000 | I10: =(F10+G10+H10)/3 -> 90000 | J10: =E10*I10 -> 180000 | K10: 90000 | M10: =E10*F10 -> 180000 | N10: =E10*G10 -> 198000 | O10: =E10*H10 -> 162000
A11: 2 | B11: TERMOMETRO | C11: Termómetro digital para alimentos | D11: Unidad | E11: 2 | F11: 65000 | G11: =(F11*10%)+F11 -> 71500 | H11: =F11-(F11*10%) -> 58500 | I11: =(F11+G11+H11)/3 -> 65000 | J11: =E11*I11 -> 130000 | K11: 65000 | M11: =E11*F11 -> 130000 | N11: =E11*G11 -> 143000 | O11: =E11*H11 -> 117000
A12: 3 | B12: PH METRO | C12: Phmetro digital | D12: Unidad | E12: 2 | F12: 130000 | G12: =(F12*10%)+F12 -> 143000 | H12: =F12-(F12*10%) -> 117000 | I12: =(F12+G12+H12)/3 -> 130000 | J12: =E12*I12 -> 260000 | K12: 130000 | M12: =E12*F12 -> 260000 | N12: =E12*G12 -> 286000 | O12: =E12*H12 -> 234000
A13: 4 | B13: TEXAPON | C13: Texapón 40 (SLES) 500 ML | D13: Litro | E13: 2 | F13: 30000 | G13: =(F13*10%)+F13 -> 33000 | H13: =F13-(F13*10%) -> 27000 | I13: =(F13+G13+H13)/3 -> 30000 | J13: =E13*I13 -> 60000 | K13: 30000 | M13: =E13*F13 -> 60000 | N13: =E13*G13 -> 66000 | O13: =E13*H13 -> 54000
A14: 5 | B14: COCOAMIDA | C14: Cocoamida DEA X KILO | D14: Kilo | E14: 1 | F14: 25000 | G14: =(F14*10%)+F14 -> 27500 | H14: =F14-(F14*10%) -> 22500 | I14: =(F14+G14+H14)/3 -> 25000 | J14: =E14*I14 -> 25000 | K14: 25000 | M14: =E14*F14 -> 25000 | N14: =E14*G14 -> 27500 | O14: =E14*H14 -> 22500
A15: 6 | B15: BETAINA | C15: Betaina (Cocamidopropil) X KILO | D15: Kilo | E15: 1 | F15: 25000 | G15: =(F15*10%)+F15 -> 27500 | H15: =F15-(F15*10%) -> 22500 | I15: =(F15+G15+H15)/3 -> 25000 | J15: =E15*I15 -> 25000 | K15: 25000 | M15: =E15*F15 -> 25000 | N15: =E15*G15 -> 27500 | O15: =E15*H15 -> 22500
A16: 7 | B16: BROMIDOX | C16: Bromidox (preservante) X KILO | D16: Kilo | E16: 1 | F16: 25000 | G16: =(F16*10%)+F16 -> 27500 | H16: =F16-(F16*10%) -> 22500 | I16: =(F16+G16+H16)/3 -> 25000 | J16: =E16*I16 -> 25000 | K16: 25000 | M16: =E16*F16 -> 25000 | N16: =E16*G16 -> 27500 | O16: =E16*H16 -> 22500
A17: 8 | B17: ESENCIA | C17: Aroma melón X 125 ML | D17: Litro | E17: 1 | F17: 30000 | G17: =(F17*10%)+F17 -> 33000 | H17: =F17-(F17*10%) -> 27000 | I17: =(F17+G17+H17)/3 -> 30000 | J17: =E17*I17 -> 30000 | K17: 30000 | M17: =E17*F17 -> 30000 | N17: =E17*G17 -> 33000 | O17: =E17*H17 -> 27000
A18: 9 | B18: ESENCIA | C18: Aroma coco dulce 125 ML | D18: Litro | E18: 1 | F18: 35000 | G18: =(F18*10%)+F18 -> 38500 | H18: =F18-(F18*10%) -> 31500 | I18: =(F18+G18+H18)/3 -> 35000 | J18: =E18*I18 -> 35000 | K18: 35000 | M18: =E18*F18 -> 35000 | N18: =E18*G18 -> 38500 | O18: =E18*H18 -> 31500
A19: 10 | B19: ESENCIA | C19: Aroma chocolate 125 ML | D19: Litro | E19: 1 | F19: 35000 | G19: =(F19*10%)+F19 -> 38500 | H19: =F19-(F19*10%) -> 31500 | I19: =(F19+G19+H19)/3 -> 35000 | J19: =E19*I19 -> 35000 | K19: 35000 | M19: =E19*F19 -> 35000 | N19: =E19*G19 -> 38500 | O19: =E19*H19 -> 31500
A20: 11 | B20: CONDICION | C20: Condicion P7 X KILO | D20: Kilo | E20: 1 | F20: 35000 | G20: =(F20*10%)+F20 -> 38500 | H20: =F20-(F20*10%) -> 31500 | I20: =(F20+G20+H20)/3 -> 35000 | J20: =E20*I20 -> 35000 | K20: 35000 | M20: =E20*F20 -> 35000 | N20: =E20*G20 -> 38500 | O20: =E20*H20 -> 31500
A21: 12 | B21: PANTENOL | C21: Pantenol X KILO | D21: Kilo | E21: 1 | F21: 45000 | G21: =(F21*10%)+F21 -> 49500 | H21: =F21-(F21*10%) -> 40500 | I21: =(F21+G21+H21)/3 -> 45000 | J21: =E21*I21 -> 45000 | K21: 45000 | M21: =E21*F21 -> 45000 | N21: =E21*G21 -> 49500 | O21: =E21*H21 -> 40500
... A58: 49 | B58: ACEITE | C58: Aceite natural de coco y aguacate , 5 DE CADA UNO X 100 ML | D58: Unidad | E58: 10 | F58: 55000 | G58: =(F58*10%)+F58 -> 60500 | H58: =F58-(F58*10%) -> 49500 | I58: =(F58+G58+H58)/3 -> 55000 | J58: =E58*I58 -> 550000 | K58: 55000 | M58: =E58*F58 -> 550000 | N58: =E58*G58 -> 605000 | O58: =E58*H58 -> 495000
A59: TOTAL | J59: =SUM(J10:J58) -> 5815000 | M59: =SUM(M10:M58) -> 5815000 | N59: =SUM(N10:N58) -> 6396500 | O59: =SUM(O10:O58) -> 5233500

Sheet EMPAQUES
A4: SERVICIO NACIONAL DE APRENDIZAJE - REGIONAL CHOCÓ
A5: Centro Agroambiental del Chocó - CAC
A6: ESTUDIO DE MERCADO
A7: SOLICITUD DE INFORMACION CHC-146-2026
A8: OBJETO | C8: Contratar la compra de materiales para el apalancamientos productivos de 8 proyectos asociativos y 40 individuales del Centro Agroambiental del Chocó
A9: ITEM | B9: BIEN | C9: DESCRIPCION DEL BIEN | D9: UNIDA DE MEDIDA | E9: CANT | F9: VALOR UNITARIO 01 - SUMINISTROS | G9: VALOR UNITARIO 02 - HARMONIC | H9: VALOR UNITARIO 03 - DONALDO EVENTOS | I9: PROMEDIO | J9: SUBTOTAL (Incluye, impuestos, costos, gastos, transporte, etc) | K9: Precio Unitario Sugerido por la Entidad (Incluye, impuestos, costos, gastos, transporte, etc) | M9: VALOR UNITARIO 01 - SUMINISTROS | N9: VALOR UNITARIO 02 - HARMONIC | O9: VALOR UNITARIO 03 - DONALDO EVENTOS
A10: 1 | B10: EMPAQUE | C10: PACA DE 10 PAQUETES DE EMPAQUE EN ACETATO # 12 CON TAPA | D10: Paca | E10: 1 | F10: 320000 | G10: =(F10*10%)+F10 -> 352000 | H10: =F10-(F10*10%) -> 288000 | I10: =(F10+G10+H10)/3 -> 320000 | J10: =E10*I10 -> 320000 | K10: 320000 | M10: =E10*F10 -> 320000 | N10: =E10*G10 -> 352000 | O10: =E10*H10 -> 288000
A11: 2 | B11: CAJA TORTA | C11: CAJAS PARA TORTA PEQUEÑAS CON PLATO DE ICOPOR PAQUETE X 100 | D11: Paquete | E11: 1 | F11: 280000 | G11: =(F11*10%)+F11 -> 308000 | H11: =F11-(F11*10%) -> 252000 | I11: =(F11+G11+H11)/3 -> 280000 | J11: =E11*I11 -> 280000 | K11: 280000 | M11: =E11*F11 -> 280000 | N11: =E11*G11 -> 308000 | O11: =E11*H11 -> 252000
A12: 3 | B12: CAJA DE BOTELLA DE VIDRIO | C12: CAJA DE BOTELLA DE VIDRIO BOCA ANCHA DE 250ML X 24 UNIDADES | D12: Caja | E12: 5 | F12: 100000 | G12: =(F12*10%)+F12 -> 110000 | H12: =F12-(F12*10%) -> 90000 | I12: =(F12+G12+H12)/3 -> 100000 | J12: =E12*I12 -> 500000 | K12: 100000 | M12: =E12*F12 -> 500000 | N12: =E12*G12 -> 550000 | O12: =E12*H12 -> 450000
A13: 4 | B13: BOLSA | C13: BOLSAS 12*20, CALIBRE 1,5 | D13: Unidades | E13: 10000 | F13: 300 | G13: =(F13*10%)+F13 -> 330 | H13: =F13-(F13*10%) -> 270 | I13: =(F13+G13+H13)/3 -> 300 | J13: =E13*I13 -> 3000000 | K13: 300 | M13: =E13*F13 -> 3000000 | N13: =E13*G13 -> 3300000 | O13: =E13*H13 -> 2700000
A14: 5 | B14: CARBON | C14: CARBÓN PARA AHUMADOS X BOLSA | D14: BOLSA | E14: 21 | F14: 45000 | G14: =(F14*10%)+F14 -> 49500 | H14: =F14-(F14*10%) -> 40500 | I14: =(F14+G14+H14)/3 -> 45000 | J14: =E14*I14 -> 945000 | K14: 45000 | M14: =E14*F14 -> 945000 | N14: =E14*G14 -> 1039500 | O14: =E14*H14 -> 850500
A15: 6 | B15: CANASTILLA | C15: CANASTILLA PORTA CUBIERTO KENDY | D15: Unidad | E15: 1 | F15: 50000 | G15: =(F15*10%)+F15 -> 55000 | H15: =F15-(F15*10%) -> 45000 | I15: =(F15+G15+H15)/3 -> 50000 | J15: =E15*I15 -> 50000 | K15: 50000 | M15: =E15*F15 -> 50000 | N15: =E15*G15 -> 55000 | O15: =E15*H15 -> 45000
A16: 7 | B16: CAJA | C16: CAJA MONSERRATE # 3 ALTA 65 ITS | D16: Unidad | E16: 1 | F16: 110000 | G16: =(F16*10%)+F16 -> 121000 | H16: =F16-(F16*10%) -> 99000 | I16: =(F16+G16+H16)/3 -> 110000 | J16: =E16*I16 -> 110000 | K16: 110000 | M16: =E16*F16 -> 110000 | N16: =E16*G16 -> 121000 | O16: =E16*H16 -> 99000
A17: 8 | B17: ENVASE | C17: ENVASES SIROPEROS X 50 UNIDADES | D17: Paquete | E17: 10 | F17: 50000 | G17: =(F17*10%)+F17 -> 55000 | H17: =F17-(F17*10%) -> 45000 | I17: =(F17+G17+H17)/3 -> 50000 | J17: =E17*I17 -> 500000 | K17: 50000 | M17: =E17*F17 -> 500000 | N17: =E17*G17 -> 550000 | O17: =E17*H17 -> 450000
A18: 9 | B18: ENVASES | C18: FRASCOS DE VIDRIO X 120ML X UNIDAD | D18: Unidad | E18: 50 | F18: 10000 | G18: =(F18*10%)+F18 -> 11000 | H18: =F18-(F18*10%) -> 9000 | I18: =(F18+G18+H18)/3 -> 10000 | J18: =E18*I18 -> 500000 | K18: 10000 | M18: =E18*F18 -> 500000 | N18: =E18*G18 -> 550000 | O18: =E18*H18 -> 450000
A19: TOTAL | J19: =SUM(J10:J18) -> 6205000 | M19: =SUM(M10:M18) -> 6205000 | N19: =SUM(N10:N18) -> 6825500 | O19: =SUM(O10:O18) -> 5584500

Sheet HELADERIA
A4: SERVICIO NACIONAL DE APRENDIZAJE - REGIONAL CHOCÓ
A5: Centro Agroambiental del Chocó - CAC
A6: ESTUDIO DE MERCADO
A7: SOLICITUD DE INFORMACION CHC-146-2026
A8: OBJETO | C8: Contratar la compra de materiales para el apalancamientos productivos de 8 proyectos asociativos y 40 individuales del Centro Agroambiental del Chocó
A9: ITEM | B9: BIEN | C9: DESCRIPCION DEL BIEN | D9: UNIDA DE MEDIDA | E9: CANT | F9: VALOR UNITARIO 01 - SUMINISTROS | G9: VALOR UNITARIO 02 - HARMONIC | H9: VALOR UNITARIO 03 - DONALDO EVENTOS | I9: PROMEDIO | J9: SUBTOTAL (Incluye, impuestos, costos, gastos, transporte, etc) | K9: Precio Unitario Sugerido por la Entidad (Incluye, impuestos, costos, gastos, transporte, etc) | M9: VALOR UNITARIO 01 - SUMINISTROS | N9: VALOR UNITARIO 02 - HARMONIC | O9: VALOR UNITARIO 03 - DONALDO EVENTOS
A10: 1 | B10: CREMA | C10: CREMA PARA BATIR | D10: Unidad | E10: 12 | F10: 40000 | G10: =(F10*10%)+F10 -> 44000 | H10: =F10-(F10*10%) -> 36000 | I10: =(F10+G10+H10)/3 -> 40000 | J10: =E10*I10 -> 480000 | K10: 40000 | M10: =E10*F10 -> 480000 | N10: =E10*G10 -> 528000 | O10: =E10*H10 -> 432000
A11: 2 | B11: BROWNIES | C11: CAJA DE BROWNIES X 12 | D11: Caja | E11: 4 | F11: 25000 | G11: =(F11*10%)+F11 -> 27500 | H11: =F11-(F11*10%) -> 22500 | I11: =(F11+G11+H11)/3 -> 25000 | J11: =E11*I11 -> 100000 | K11: 25000 | M11: =E11*F11 -> 100000 | N11: =E11*G11 -> 110000 | O11: =E11*H11 -> 90000
A12: 3 | B12: CHOCOLATE | C12: CHOCOLATE PURATOS X 4 KILOS | D12: Kilo | E12: 4 | F12: 140000 | G12: =(F12*10%)+F12 -> 154000 | H12: =F12-(F12*10%) -> 126000 | I12: =(F12+G12+H12)/3 -> 140000 | J12: =E12*I12 -> 560000 | K12: 140000 | M12: =E12*F12 -> 560000 | N12: =E12*G12 -> 616000 | O12: =E12*H12 -> 504000
A13: 4 | B13: MINI PACK | C13: CAJA DE MINI PACK X 200 ( 8 onzas) | D13: Caja | E13: 2 | F13: 165000 | G13: =(F13*10%)+F13 -> 181500 | H13: =F13-(F13*10%) -> 148500 | I13: =(F13+G13+H13)/3 -> 165000 | J13: =E13*I13 -> 330000 | K13: 165000 | M13: =E13*F13 -> 330000 | N13: =E13*G13 -> 363000 | O13: =E13*H13 -> 297000
A14: 5 | B14: FRUTA | C14: LIBRAS DE MARACUYA | D14: Libra | E14: 18 | F14: 8000 | G14: =(F14*10%)+F14 -> 8800 | H14: =F14-(F14*10%) -> 7200 | I14: =(F14+G14+H14)/3 -> 8000 | J14: =E14*I14 -> 144000 | K14: 8000 | M14: =E14*F14 -> 144000 | N14: =E14*G14 -> 158400 | O14: =E14*H14 -> 129600
A15: 6 | B15: FRUTA | C15: COCO | D15: Unidad | E15: 10 | F15: 20000 | G15: =(F15*10%)+F15 -> 22000 | H15: =F15-(F15*10%) -> 18000 | I15: =(F15+G15+H15)/3 -> 20000 | J15: =E15*I15 -> 200000 | K15: 20000 | M15: =E15*F15 -> 200000 | N15: =E15*G15 -> 220000 | O15: =E15*H15 -> 180000
A16: 7 | B16: FRUTA | C16: PULPA DE GUANABANA | D16: Libra | E16: 12 | F16: 25000 | G16: =(F16*10%)+F16 -> 27500 | H16: =F16-(F16*10%) -> 22500 | I16: =(F16+G16+H16)/3 -> 25000 | J16: =E16*I16 -> 300000 | K16: 25000 | M16: =E16*F16 -> 300000 | N16: =E16*G16 -> 330000 | O16: =E16*H16 -> 270000
A17: 8 | B17: LECHE | C17: BOLSAS DE LECHE LIQUIDA X BOLSA DE 1 LITRO | D17: Bolsa | E17: 25 | F17: 15000 | G17: =(F17*10%)+F17 -> 16500 | H17: =F17-(F17*10%) -> 13500 | I17: =(F17+G17+H17)/3 -> 15000 | J17: =E17*I17 -> 375000 | K17: 15000 | M17: =E17*F17 -> 375000 | N17: =E17*G17 -> 412500 | O17: =E17*H17 -> 337500
A18: 9 | B18: LECHE EN POLVO | C18: BOLSA LECHE EN POLVO X BOLSA DE 500 GR | D18: Bolsa | E18: 10 | F18: 35000 | G18: =(F18*10%)+F18 -> 38500 | H18: =F18-(F18*10%) -> 31500 | I18: =(F18+G18+H18)/3 -> 35000 | J18: =E18*I18 -> 350000 | K18: 35000 | M18: =E18*F18 -> 350000 | N18: =E18*G18 -> 385000 | O18: =E18*H18 -> 315000
A19: 10 | B19: AZUCAR | C19: AZUCAR X 500 GR | D19: Libra | E19: 13 | F19: 6000 | G19: =(F19*10%)+F19 -> 6600 | H19: =F19-(F19*10%) -> 5400 | I19: =(F19+G19+H19)/3 -> 6000 | J19: =E19*I19 -> 78000 | K19: 6000 | M19: =E19*F19 -> 78000 | N19: =E19*G19 -> 85800 | O19: =E19*H19 -> 70200
A20: 11 | B20: ESENCIA | C20: ESENCIA DE VAINILLA X 120ML | D20: Frasco | E20: 5 | F20: 25000 | G20: =(F20*10%)+F20 -> 27500 | H20: =F20-(F20*10%) -> 22500 | I20: =(F20+G20+H20)/3 -> 25000 | J20: =E20*I20 -> 125000 | K20: 25000 | M20: =E20*F20 -> 125000 | N20: =E20*G20 -> 137500 | O20: =E20*H20 -> 112500
A21: 12 | B21: CANELA | C21: CANELA MOLIDA | D21: Bolsa | E21: 6 | F21: 45000 | G21: =(F21*10%)+F21 -> 49500 | H21: =F21-(F21*10%) -> 40500 | I21: =(F21+G21+H21)/3 -> 45000 | J21: =E21*I21 -> 270000 | K21: 45000 | M21: =E21*F21 -> 270000 | N21: =E21*G21 -> 297000 | O21: =E21*H21 -> 243000
... A25: 16 | B25: COPA COCINA | C25: COPA MEDIDORA 2CC ACERO | D25: Unidad | E25: 4 | F25: 35000 | G25: =(F25*10%)+F25 -> 38500 | H25: =F25-(F25*10%) -> 31500 | I25: =(F25+G25+H25)/3 -> 35000 | J25: =E25*I25 -> 140000 | K25: 35000 | M25: =E25*F25 -> 140000 | N25: =E25*G25 -> 154000 | O25: =E25*H25 -> 126000
A26: TOTAL | J26: =SUM(J10:J25) -> 4212000 | M26: =SUM(M10:M25) -> 4212000 | N26: =SUM(N10:N25) -> 4633200 | O26: =SUM(O10:O25) -> 3790800

Sheet PANADERIA
A4: SERVICIO NACIONAL DE APRENDIZAJE - REGIONAL CHOCÓ
A5: Centro Agroambiental del Chocó - CAC
A6: ESTUDIO DE MERCADO
A7: SOLICITUD DE INFORMACION CHC-146-2026
A8: OBJETO | C8: Contratar la compra de materiales para el apalancamientos productivos de 8 proyectos asociativos y 40 individuales del Centro Agroambiental del Chocó
A9: ITEM | B9: BIEN | C9: DESCRIPCION DEL BIEN | D9: UNIDA DE MEDIDA | E9: CANT | F9: VALOR UNITARIO 01 - SUMINISTROS | G9: VALOR UNITARIO 02 - HARMONIC | H9: VALOR UNITARIO 03 - DONALDO EVENTOS | I9: PROMEDIO | J9: SUBTOTAL (Incluye, impuestos, costos, gastos, transporte, etc) | K9: Precio Unitario Sugerido por la Entidad (Incluye, impuestos, costos, gastos, transporte, etc) | M9: VALOR UNITARIO 01 - SUMINISTROS | N9: VALOR UNITARIO 02 - HARMONIC | O9: VALOR UNITARIO 03 - DONALDO EVENTOS
A10: 1 | B10: Harina | C10: Harina de trigo por bulto 40 KG | D10: Bulto | E10: 4 | F10: 200000 | G10: =(F10*10%)+F10 -> 220000 | H10: =F10-(F10*10%) -> 180000 | I10: =(F10+G10+H10)/3 -> 200000 | J10: =E10*I10 -> 800000 | K10: 200000 | M10: =E10*F10 -> 800000 | N10: =E10*G10 -> 880000 | O10: =E10*H10 -> 720000
A11: 2 | B11: Mantequilla | C11: Mantequilla P 100 - CAJA DE 15 KILOS | D11: Caja | E11: 4 | F11: 180000 | G11: =(F11*10%)+F11 -> 198000 | H11: =F11-(F11*10%) -> 162000 | I11: =(F11+G11+H11)/3 -> 180000 | J11: =E11*I11 -> 720000 | K11: 180000 | M11: =E11*F11 -> 720000 | N11: =E11*G11 -> 792000 | O11: =E11*H11 -> 648000
A12: 3 | B12: Azúcar | C12: Azúcar X BULTO 40 KG | D12: Bulto | E12: 4 | F12: 200000 | G12: =(F12*10%)+F12 -> 220000 | H12: =F12-(F12*10%) -> 180000 | I12: =(F12+G12+H12)/3 -> 200000 | J12: =E12*I12 -> 800000 | K12: 200000 | M12: =E12*F12 -> 800000 | N12: =E12*G12 -> 880000 | O12: =E12*H12 -> 720000
A13: 4 | B13: Levadura | C13: Levadura X 500 GR | D13: Libra | E13: 16 | F13: 25000 | G13: =(F13*10%)+F13 -> 27500 | H13: =F13-(F13*10%) -> 22500 | I13: =(F13+G13+H13)/3 -> 25000 | J13: =E13*I13 -> 400000 | K13: 25000 | M13: =E13*F13 -> 400000 | N13: =E13*G13 -> 440000 | O13: =E13*H13 -> 360000
A14: 5 | B14: Polvo hornear | C14: Polvo de hornear X 500 GR | D14: Libra | E14: 8 | F14: 25000 | G14: =(F14*10%)+F14 -> 27500 | H14: =F14-(F14*10%) -> 22500 | I14: =(F14+G14+H14)/3 -> 25000 | J14: =E14*I14 -> 200000 | K14: 25000 | M14: =E14*F14 -> 200000 | N14: =E14*G14 -> 220000 | O14: =E14*H14 -> 180000
A15: 6 | B15: Harina | C15: Harina para buñuelos x 500 GR | D15: Libra | E15: 40 | F15: 15000 | G15: =(F15*10%)+F15 -> 16500 | H15: =F15-(F15*10%) -> 13500 | I15: =(F15+G15+H15)/3 -> 15000 | J15: =E15*I15 -> 600000 | K15: 15000 | L15: Colmaiz es marca, anotar bien las descripciones sin marcas. Y este colmaiz a cual pertenece? | M15: =E15*F15 -> 600000 | N15: =E15*G15 -> 660000 | O15: =E15*H15 -> 540000
A16: 7 | B16: Color | C16: Color amarillo huevo X 500 GR | D16: Libra | E16: 4 | F16: 15000 | G16: =(F16*10%)+F16 -> 16500 | H16: =F16-(F16*10%) -> 13500 | I16: =(F16+G16+H16)/3 -> 15000 | J16: =E16*I16 -> 60000 | K16: 15000 | M16: =E16*F16 -> 60000 | N16: =E16*G16 -> 66000 | O16: =E16*H16 -> 54000
A17: 8 | B17: Sal | C17: Sal X 25 LIBRAS | D17: Arroba | E17: 4 | F17: 35000 | G17: =(F17*10%)+F17 -> 38500 | H17: =F17-(F17*10%) -> 31500 | I17: =(F17+G17+H17)/3 -> 35000 | J17: =E17*I17 -> 140000 | K17: 35000 | M17: =E17*F17 -> 140000 | N17: =E17*G17 -> 154000 | O17: =E17*H17 -> 126000
A18: 9 | B18: Esencia | C18: Esencia de mantequilla X 500 ML | D18: Frasco 500 ml | E18: 12 | F18: 25000 | G18: =(F18*10%)+F18 -> 27500 | H18: =F18-(F18*10%) -> 22500 | I18: =(F18+G18+H18)/3 -> 25000 | J18: =E18*I18 -> 300000 | K18: 25000 | M18: =E18*F18 -> 300000 | N18: =E18*G18 -> 330000 | O18: =E18*H18 -> 270000
A19: 10 | B19: Esencia | C19: Esencia de vainilla X 500ML | D19: Frasco 500 ml | E19: 12 | F19: 25000 | G19: =(F19*10%)+F19 -> 27500 | H19: =F19-(F19*10%) -> 22500 | I19: =(F19+G19+H19)/3 -> 25000 | J19: =E19*I19 -> 300000 | K19: 25000 | M19: =E19*F19 -> 300000 | N19: =E19*G19 -> 330000 | O19: =E19*H19 -> 270000
A20: 11 | B20: Esencia | C20: Esencia coco X 500 ML | D20: Frasco 500 ml | E20: 12 | F20: 25000 | G20: =(F20*10%)+F20 -> 27500 | H20: =F20-(F20*10%) -> 22500 | I20: =(F20+G20+H20)/3 -> 25000 | J20: =E20*I20 -> 300000 | K20: 25000 | M20: =E20*F20 -> 300000 | N20: =E20*G20 -> 330000 | O20: =E20*H20 -> 270000
A21: 12 | B21: Esencia | C21: Esencia de hinojo X 500ML | D21: Frasco 500 ml | E21: 12 | F21: 25000 | G21: =(F21*10%)+F21 -> 27500 | H21: =F21-(F21*10%) -> 22500 | I21: =(F21+G21+H21)/3 -> 25000 | J21: =E21*I21 -> 300000 | K21: 25000 | M21: =E21*F21 -> 300000 | N21: =E21*G21 -> 330000 | O21: =E21*H21 -> 270000
A22: 13 | B22: Esencia | C22: Esencia de canela X 500ML | D22: Frasco 500 ml | E22: 12 | F22: 25000 | G22: =(F22*10%)+F22 -> 27500 | H22: =F22-(F22*10%) -> 22500 | I22: =(F22+G22+H22)/3 -> 25000 | J22: =E22*I22 -> 300000 | K22: 25000 | M22: =E22*F22 -> 300000 | N22: =E22*G22 -> 330000 | O22: =E22*H22 -> 270000
A23: 14 | B23: Esencia | C23: Esencia de naranja X 500ML | D23: Frasco 500 ml | E23: 12 | F23: 25000 | G23: =(F23*10%)+F23 -> 27500 | H23: =F23-(F23*10%) -> 22500 | I23: =(F23+G23+H23)/3 -> 25000 | J23: =E23*I23 -> 300000 | K23: 25000 | M23: =E23*F23 -> 300000 | N23: =E23*G23 -> 330000 | O23: =E23*H23 -> 270000
A24: 15 | B24: Esencia | C24: Esencia de ron con pasa X 500ML | D24: Frasco 500 ml | E24: 12 | F24: 25000 | G24: =(F24*10%)+F24 -> 27500 | H24: =F24-(F24*10%) -> 22500 | I24: =(F24+G24+H24)/3 -> 25000 | J24: =E24*I24 -> 300000 | K24: 25000 | M24: =E24*F24 -> 300000 | N24: =E24*G24 -> 330000 | O24: =E24*H24 -> 270000
A25: 16 | B25: Fécula | C25: Fécula de maíz X 500GR | D25: Libra | E25: 40 | F25: 15000 | G25: =(F25*10%)+F25 -> 16500 | H25: =F25-(F25*10%) -> 13500 | I25: =(F25+G25+H25)/3 -> 15000 | J25: =E25*I25 -> 600000 | K25: 15000 | M25: =E25*F25 -> 600000 | N25: =E25*G25 -> 660000 | O25: =E25*H25 -> 540000
A26: 17 | B26: Coco | C26: Coco deshidratado X 500 GR | D26: Libra | E26: 8 | F26: 28000 | G26: =(F26*10%)+F26 -> 30800 | H26: =F26-(F26*10%) -> 25200 | I26: =(F26+G26+H26)/3 -> 28000 | J26: =E26*I26 -> 224000 | K26: 28000 | M26: =E26*F26 -> 224000 | N26: =E26*G26 -> 246400 | O26: =E26*H26 -> 201600
A27: 18 | B27: Bocadillo | C27: Bocadillo X 500GR | D27: Libra | E27: 8 | F27: 10000 | G27: =(F27*10%)+F27 -> 11000 | H27: =F27-(F27*10%) -> 9000 | I27: =(F27+G27+H27)/3 -> 10000 | J27: =E27*I27 -> 80000 | K27: 10000 | M27: =E27*F27 -> 80000 | N27: =E27*G27 -> 88000 | O27: =E27*H27 -> 72000
... A36: 27 | B36: Leche liquida | C36: Leche líquida x BOLSA POR 1 LITRO | D36: Bolsa | E36: 40 | F36: 12000 | G36: =(F36*10%)+F36 -> 13200 | H36: =F36-(F36*10%) -> 10800 | I36: =(F36+G36+H36)/3 -> 12000 | J36: =E36*I36 -> 480000 | K36: 12000 | M36: =E36*F36 -> 480000 | N36: =E36*G36 -> 528000 | O36: =E36*H36 -> 432000
A37: 28 | B37: Harina | C37: Harina para pan de queso X 500GR | D37: Libra | E37: 40 | F37: 15000 | G37: =(F37*10%)+F37 -> 16500 | H37: =F37-(F37*10%) -> 13500 | I37: =(F37+G37+H37)/3 -> 15000 | J37: =E37*I37 -> 600000 | K37: 15000 | L37: Colmaiz es marca, anotar bien las descripciones sin marcas | M37: =E37*F37 -> 600000 | N37: =E37*G37 -> 660000 | O37: =E37*H37 -> 540000
A38: 29 | B38: Harina | C38: Harina para pan de bono X 500GR | D38: Libras | E38: 40 | F38: 15000 | G38: =(F38*10%)+F38 -> 16500 | H38: =F38-(F38*10%) -> 13500 | I38: =(F38+G38+H38)/3 -> 15000 | J38: =E38*I38 -> 600000 | K38: 15000 | L38: Colmaiz es marca, anotar bien las descripciones sin marcas | M38: =E38*F38 -> 600000 | N38: =E38*G38 -> 660000 | O38: =E38*H38 -> 540000
A39: 30 | B39: Chantilli | C39: Crema chantilly X 500GR | D39: Libra | E39: 8 | F39: 35000 | G39: =(F39*10%)+F39 -> 38500 | H39: =F39-(F39*10%) -> 31500 | I39: =(F39+G39+H39)/3 -> 35000 | J39: =E39*I39 -> 280000 | K39: 35000 | M39: =E39*F39 -> 280000 | N39: =E39*G39 -> 308000 | O39: =E39*H39 -> 252000
A40: 31 | B40: Leche en polvo | C40: Leche en polvo x 500gr | D40: Libra | E40: 20 | F40: 35000 | G40: =(F40*10%)+F40 -> 38500 | H40: =F40-(F40*10%) -> 31500 | I40: =(F40+G40+H40)/3 -> 35000 | J40: =E40*I40 -> 700000 | K40: 35000 | M40: =E40*F40 -> 700000 | N40: =E40*G40 -> 770000 | O40: =E40*H40 -> 630000
A41: TOTAL | J41: =SUM(J10:J40) -> 13628000 | M41: =SUM(M10:M40) -> 13628000 | N41: =SUM(N10:N40) -> 14990800 | O41: =SUM(O10:O40) -> 12265200

Sheet UTENSILIOS DE COCINA
A4: SERVICIO NACIONAL DE APRENDIZAJE - REGIONAL CHOCÓ
A5: Centro Agroambiental del Chocó - CAC
A6: ESTUDIO DE MERCADO
A7: SOLICITUD DE INFORMACION CHC-146-2026
A8: OBJETO | C8: Contratar la compra de materiales para el apalancamientos productivos de 8 proyectos asociativos y 40 individuales del Centro Agroambiental del Chocó
A9: ITEM | B9: BIEN | C9: DESCRIPCION DEL BIEN | D9: UNIDA DE MEDIDA | E9: CANT | F9: VALOR UNITARIO 01 - SUMINISTROS | G9: VALOR UNITARIO 02 - HARMONIC | H9: VALOR UNITARIO 03 - DONALDO EVENTOS | I9: PROMEDIO | J9: SUBTOTAL (Incluye, impuestos, costos, gastos, transporte, etc) | K9: Precio Unitario Sugerido por la Entidad (Incluye, impuestos, costos, gastos, transporte, etc) | M9: VALOR UNITARIO 01 - SUMINISTROS | N9: VALOR UNITARIO 02 - HARMONIC | O9: VALOR UNITARIO 03 - DONALDO EVENTOS
A10: 1 | B10: FUMIGADORA | C10: FUMIGADORA TIPO ELEMENTO CONSUMO UNIDAD DE MEDIDA UNIDAD CLASE BOMBA DE ESPALDA CARACTERISTICA MANUAL MATERIAL N.A. | D10: Unidad | E10: 3 | F10: 70000 | G10: =(F10*10%)+F10 -> 77000 | H10: =F10-(F10*10%) -> 63000 | I10: =(F10+G10+H10)/3 -> 70000 | J10: =E10*I10 -> 210000 | K10: 70000 | L10: Estos materiales a que area pertenecen o para que son? | M10: =E10*F10 -> 210000 | N10: =E10*G10 -> 231000 | O10: =E10*H10 -> 189000
A11: 2 | B11: OLLA | C11: OLLA TIPO ELEMENTO CONSUMO CAPACIDAD N.A. TAMAÑO N.A. UNIDAD DE MEDIDA UNIDAD CARACTERISTICA CON TAPA MATERIAL ALUMINIO (OLLA INDIO DE 50 LITROS) | D11: Unidad | E11: 4 | F11: 300000 | G11: =(F11*10%)+F11 -> 330000 | H11: =F11-(F11*10%) -> 270000 | I11: =(F11+G11+H11)/3 -> 300000 | J11: =E11*I11 -> 1200000 | K11: 300000 | M11: =E11*F11 -> 1200000 | N11: =E11*G11 -> 1320000 | O11: =E11*H11 -> 1080000
A12: 3 | B12: TABLA | C12: TABLA EN ACERO INOXIDABLE 34*23 | D12: Unidad | E12: 3 | F12: 60000 | G12: =(F12*10%)+F12 -> 66000 | H12: =F12-(F12*10%) -> 54000 | I12: =(F12+G12+H12)/3 -> 60000 | J12: =E12*I12 -> 180000 | K12: 60000 | M12: =E12*F12 -> 180000 | N12: =E12*G12 -> 198000 | O12: =E12*H12 -> 162000
A13: 4 | B13: COLADOR | C13: COLADOR ACERO INOXIDABLE | D13: Unidad | E13: 1 | F13: 45000 | G13: =(F13*10%)+F13 -> 49500 | H13: =F13-(F13*10%) -> 40500 | I13: =(F13+G13+H13)/3 -> 45000 | J13: =E13*I13 -> 45000 | K13: 45000 | M13: =E13*F13 -> 45000 | N13: =E13*G13 -> 49500 | O13: =E13*H13 -> 40500
A14: 5 | B14: CUCHILLO | C14: CUCHILLOS DE COCINA | D14: Unidad | E14: 8 | F14: 20000 | G14: =(F14*10%)+F14 -> 22000 | H14: =F14-(F14*10%) -> 18000 | I14: =(F14+G14+H14)/3 -> 20000 | J14: =E14*I14 -> 160000 | K14: 20000 | M14: =E14*F14 -> 160000 | N14: =E14*G14 -> 176000 | O14: =E14*H14 -> 144000
A15: 6 | B15: BALDE | C15: BALDES GRANDES | D15: Unidad | E15: 10 | F15: 55000 | G15: =(F15*10%)+F15 -> 60500 | H15: =F15-(F15*10%) -> 49500 | I15: =(F15+G15+H15)/3 -> 55000 | J15: =E15*I15 -> 550000 | K15: 55000 | M15: =E15*F15 -> 550000 | N15: =E15*G15 -> 605000 | O15: =E15*H15 -> 495000
A16: 7 | B16: BALDE | C16: BALDES PEQUEÑOS 16 LITROS CON TAPA | D16: Unidad | E16: 8 | F16: 65000 | G16: =(F16*10%)+F16 -> 71500 | H16: =F16-(F16*10%) -> 58500 | I16: =(F16+G16+H16)/3 -> 65000 | J16: =E16*I16 -> 520000 | K16: 65000 | M16: =E16*F16 -> 520000 | N16: =E16*G16 -> 572000 | O16: =E16*H16 -> 468000
A17: 8 | B17: PONCHERA | C17: PONCHERAS PLASTICAS 20 LITROS | D17: Unidad | E17: 5 | F17: 55000 | G17: =(F17*10%)+F17 -> 60500 | H17: =F17-(F17*10%) -> 49500 | I17: =(F17+G17+H17)/3 -> 55000 | J17: =E17*I17 -> 275000 | K17: 55000 | M17: =E17*F17 -> 275000 | N17: =E17*G17 -> 302500 | O17: =E17*H17 -> 247500
A18: 9 | B18: SARTEN | C18: PAILA # 40 | D18: Unidad | E18: 4 | F18: 80000 | G18: =(F18*10%)+F18 -> 88000 | H18: =F18-(F18*10%) -> 72000 | I18: =(F18+G18+H18)/3 -> 80000 | J18: =E18*I18 -> 320000 | K18: 80000 | M18: =E18*F18 -> 320000 | N18: =E18*G18 -> 352000 | O18: =E18*H18 -> 288000
A19: 10 | B19: OLLA | C19: OLLA INDIA GRANDE | D19: Unidad | E19: 2 | F19: 320000 | G19: =(F19*10%)+F19 -> 352000 | H19: =F19-(F19*10%) -> 288000 | I19: =(F19+G19+H19)/3 -> 320000 | J19: =E19*I19 -> 640000 | K19: 320000 | M19: =E19*F19 -> 640000 | N19: =E19*G19 -> 704000 | O19: =E19*H19 -> 576000
A20: 11 | B20: RECIPIENTE | C20: RECIPIENTES PLÁSTICOS PARA CONSERVAR DE 3 LITROS | D20: Unidad | E20: 19 | F20: 20000 | G20: =(F20*10%)+F20 -> 22000 | H20: =F20-(F20*10%) -> 18000 | I20: =(F20+G20+H20)/3 -> 20000 | J20: =E20*I20 -> 380000 | K20: 20000 | M20: =E20*F20 -> 380000 | N20: =E20*G20 -> 418000 | O20: =E20*H20 -> 342000
A21: 12 | B21: OLLA | C21: OLLAS CALDERAS DE 20 LIBRAS | D21: Unidad | E21: 17 | F21: 120000 | G21: =(F21*10%)+F21 -> 132000 | H21: =F21-(F21*10%) -> 108000 | I21: =(F21+G21+H21)/3 -> 120000 | J21: =E21*I21 -> 2040000 | K21: 120000 | M21: =E21*F21 -> 2040000 | N21: =E21*G21 -> 2244000 | O21: =E21*H21 -> 1836000
A22: 13 | B22: CUCHILLO | C22: CUCHILLOS GRANDES DE COCINA | D22: Unidad | E22: 16 | F22: 35000 | G22: =(F22*10%)+F22 -> 38500 | H22: =F22-(F22*10%) -> 31500 | I22: =(F22+G22+H22)/3 -> 35000 | J22: =E22*I22 -> 560000 | K22: 35000 | M22: =E22*F22 -> 560000 | N22: =E22*G22 -> 616000 | O22: =E22*H22 -> 504000
... A106: 97 | B106: OLLA | C106: ENVASES 200 ML TIPO TARRO (MANTEQUILLA) | D106: Unidad | E106: 1 | F106: 250000 | G106: =(F106*10%)+F106 -> 275000 | H106: =F106-(F106*10%) -> 225000 | I106: =(F106+G106+H106)/3 -> 250000 | J106: =E106*I106 -> 250000 | K106: 250000 | M106: =E106*F106 -> 250000 | N106: =E106*G106 -> 275000 | O106: =E106*H106 -> 225000
A107: TOTAL | J107: =SUM(J10:J106) -> 21128300 | M107: =SUM(M10:M106) -> 21128300 | N107: =SUM(N10:N106) -> 23241130 | O107: =SUM(O10:O106) -> 19015470
